 Dungeon Crawl Stone Soup version 0.25.0-9-g26727b6 (webtiles) character file.

Game seed: 11550014247278704301

170 r3xj the Slasher (level 5, -9/41 HPs)
             Began as a Barachi Fighter on June 19, 2020.
             Mangled by an orc warrior
             ... wielding a cursed -3 battleaxe
              (17 damage)
             ... on level 3 of the Dungeon.
             The game lasted 00:06:01 (2862 turns).

r3xj the Slasher (Barachi Fighter)                  Turns: 2862, Time: 00:06:02

Health: -9/41      AC: 12    Str: 19    XL:     5   Next: 50%
Magic:  5/5        EV:  3    Int:  8    God:
Gold:   72         SH:  9    Dex: 11    Spells: 4/4 levels left

rFire    + . .     SeeInvis .   a - +0 long sword
rCold    x . .     Gourm    .   c - +0 kite shield
rNeg     . . .     Faith    .   m - +0 plate armour
rPois    .         Spirit   .   (no helmet)
rElec    .         Reflect  .   l - +0 cloak
rCorr    .         Harm     .   (no gloves)
MR       .....                  (no boots)
Stlth    ..........             (no amulet)
HPRegen  0.13/turn              f - ring of fire
MPRegen  0.09/turn              (no ring)

@: mighty, slow
A: +LOS, swims, slowness 1, strong legs 1
a: Hop


You were on level 3 of the Dungeon.
You were not hungry.

You visited 1 branch of the dungeon, and saw 3 of its levels.

You collected 72 gold pieces.

Inventory:

Hand Weapons
 a - a +0 long sword (weapon)
Armour
 c - a +0 kite shield (worn)
 l - a +0 cloak (worn)
 m - a +0 plate armour (worn)
Jewellery
 f - a ring of fire (left hand)
Scrolls
 e - 5 scrolls of identify {unknown}
 g - 4 scrolls of remove curse {unknown}
 j - a scroll of fear {unknown}
 k - a scroll of teleportation {unknown}
 n - a scroll of amnesia {unknown}
 o - a scroll of immolation {unknown}
Potions
 b - 2 potions of resistance {unknown}
 h - 2 potions of curing {unknown}


   Skills:
 - Level 3.6 Fighting
 + Level 6.7 Long Blades
 - Level 3.6 Armour
 - Level 3.2 Shields


You had 4 spell levels left.
You didn't know any spells.
Your spell library was empty.

Dungeon Overview and Level Annotations

Branches:
Dungeon (3/15)

Altars:
Makhleb


Innate Abilities, Weirdness & Mutations

You can be seen from farther away. (+LOS)
You can swim through water.
You cover ground slowly.
You can hop short distances.


Message History

You block the orc warrior's attack.
You feel very mighty all of a sudden.
You hit the orc warrior.
The orc warrior is heavily wounded.
The orc warrior hits you with a cursed -3 battleaxe!
* * * LOW HITPOINT WARNING * * *
You closely miss the orc warrior.
The orc warrior is heavily wounded.
The orc warrior hits you but does no damage.
You hit the orc warrior.
The orc warrior is severely wounded.
You block the orc warrior's attack.
Your shield and plate armour prevent you from hitting the orc warrior.
The orc warrior is severely wounded.
The orc warrior barely misses you.
You riposte.
You hit the orc warrior.
The orc warrior is severely wounded.
You hit the orc warrior.
The orc warrior is almost dead.
The orc warrior hits you with a cursed -3 battleaxe!
You die...

..### #.# #. ...# #.#
## #####.##### #o##
## #.........# #..##
.# #.........#
##..###.# #.........#
##.(....
#.........#######....
#...o.((((...###(...
###@#####...........
#<.# #.###......(
#.## #.# ###..### ..#
#.. ##..# .### ...
##.# ## .... ...
..... #.. ...... ..
..


You could see an orc warrior.

Vanquished Creatures
  An orc priest (D:3)
  An orc wizard (D:3)
  2 adders
  A gnoll (D:1)
  An ooze (D:2)
  An adder zombie (D:2)
  A worm (D:2)
  4 leopard geckos
  6 orcs (D:3)
  2 ball pythons
  5 giant cockroaches
  6 hobgoblins
  2 quokkas (D:3)
  7 bats
  5 frilled lizards
  6 goblins
  10 kobolds
  9 rats
70 creatures vanquished.

Notes
Turn   | Place    | Note
-------+----------+-------------------------------------------
     0 | D:1      | r3xj the Barachi Fighter began the quest for the Orb.
     0 | D:1      | Reached XP level 1. HP: 18/18 MP: 1/1
   231 | D:1      | Reached skill level 3 in Long Blades
   239 | D:1      | Reached XP level 2. HP: 9/24 MP: 2/2
   576 | D:1      | Reached skill level 4 in Long Blades
   751 | D:1      | Reached XP level 3. HP: 29/29 MP: 3/3
  1529 | D:2      | Reached skill level 5 in Long Blades
  1684 | D:2      | Reached XP level 4. HP: 36/36 MP: 4/4
  2153 | D:3      | Noticed an orc warrior
  2247 | D:3      | Found a burning altar of Makhleb.
  2365 | D:3      | Reached skill level 6 in Long Blades
  2365 | D:3      | Reached XP level 5. HP: 30/41 MP: 5/5
  2862 | D:3      | Mangled by an orc warrior

Illustrated notes

Levels and vault maps discovered:
D:1:      zaba_arrival_water, layout_basic
D:2:      layout_basic
D:3:      layout_rooms, bloody_makhleb, ebering_ghost_reflecting_pool,
          uniq_natasha

Skill      XL: |  1  2  3  4 |
---------------+-------------+-----
Long Blades    | 3 4 5 6 |  6.7
Fighting       | |  3.6
Armour         | |  3.6
Shields        | |  3.2

Action                   |  1- 3 |  4- 6 || total
-------------------------+-------+-------++-------
Melee: Long sword        |   146 |   171 ||   317
Throw: Dart              |       |    13 ||    13
  Use: Potion            |       |     1 ||     1
  Eat: Ration            |     1 |       ||     1
       Chunk             |       |     4 ||     4
Armor: Scale mail        |    85 |     8 ||    93
       Plate armour      |       |   103 ||   103
Dodge: Dodged            |    48 |    25 ||    73
Block: Kite shield       |   113 |   102 ||   215
       Rpst.: Long sword |    10 |     7 ||    17
